Workbook
Name _Toc125802296: 'Sesc Blu'!#REF!
Name _Toc245200266: 'Sesc Blu'!#REF!
Name _Toc369516210: 'Sesc Blu'!#REF!
Name _Toc369516211: 'Sesc Blu'!#REF!
Name _Toc372023634: 'Sesc Blu'!#REF!
Name _Toc41358450: 'Sesc Blu'!#REF!
Name _Toc59423573: 'Sesc Blu'!#REF!
Name _Toc66763267: 'Sesc Blu'!#REF!
Name _Toc66763268: 'Sesc Blu'!#REF!

Sheet Sesc Blu
D1: PLANILHA ORÇAMENTÁRIA
B3: OBSERVAÇÕES:
C4: 1 - As informações mínimas que deverão constar da planilha são: Númeração do Item, Discriminação,
C5: Unidade, Quantidade, Custo Unitário do material, Custo Unitário de Mão de Obra, Custo total do
C6: Material por item, Custo total de Mão de Obra por Item, Subtotais de Material, subtotais de Mão de
C7: Obra, Total Geral de Material, Total Geral de Mão de Obra e Total Geral do Orçamento.
C8: 2 - A Planilha orçamentária abaixo deverá ser apresentada utilizando papel timbrado da empresa;
C9: 3 - Os Valores constantes na planilha deverão ser o valores de mercado, sem a aplicação do BDI;
C10: 4 - O BDI deverá estar destacado ao final da tabela, com o preenchimento dos campos específicos,
C11: conforme abaixo. A composição do BDI aplicado deverá ser detalhada.
C12: 5 - Os itens elencados abaixo são referentes a obra ora em licitação, e servirão de referências
C13: para cotação. Os itens e quantidade, deverão ser adaptados e quantificados conforme memorial
C14: descritivo desta licitação. Acréscimos e formatação da mesma são de responsabilidade da empresa.
B17: PLANILHA ORÇAMENTÁRIA - Execução do reservatório - Sesc Blumenau Vila Nova
I18: Data:
B22: ÍTEM | C22: DISCRIMINAÇÃO | D22: UNID. | E22: QTDE. | F22: MATER. UNIT. (R$) | G22: M.D.O. UNIT. (R$) | H22: TOTAL UNIT. (R$) | I22: MATER. TOTAL (R$) | J22: M.D.O. TOTAL (R$) | K22: TOTAL ÍTEM (R$)
B24: 1 | C24: SERVIÇOS TÉCNICOS
B25: 1.1 | C25: ART (Anotação de Responsabilidade Técnica - Valor Mínimo - CREA SC) | D25: - | E25: 1 | H25: =F25+G25 -> 0 | I25: =F25*E25 -> 0 | J25: =G25*E25 -> 0 | K25: =I25+J25 -> 0
C26: Subtotal | I26: =SUM(I25:I25) -> 0 | J26: =SUM(J25:J25) -> 0
J27: =I26+J26 -> 0
B28: 2 | C28: INSTALAÇÕES DO CANTEIRO DE OBRA
B29: 2.1 | C29: Limpeza de Terreno | D29: m² | E29: =6*6 -> 36 | H29: =F29+G29 -> 0 | I29: =F29*E29 -> 0 | J29: =G29*E29 -> 0 | K29: =I29+J29 -> 0
B30: 2.2 | C30: Execução de escritório de canteiro de obra em chapa de madeira compensada | D30: un | E30: 1 | H30: =F30+G30 -> 0 | I30: =F30*E30 -> 0 | J30: =G30*E30 -> 0 | K30: =I30+J30 -> 0
B31: 2.3 | C31: Locação/Instalação de Canteiro de Obras | D31: m² | E31: =4.39*4.39 -> 19.2721 | H31: =F31+G31 -> 0 | I31: =F31*E31 -> 0 | J31: =G31*E31 -> 0 | K31: =I31+J31 -> 0
B32: 2.4 | C32: Tapume de fechamento das passagens - h = 2,20m | D32: m² | E32: 52.8 | H32: =F32+G32 -> 0 | I32: =F32*E32 -> 0 | J32: =G32*E32 -> 0 | K32: =I32+J32 -> 0
C33: Subtotal | I33: =SUM(I29:I32) -> 0 | J33: =SUM(J29:J32) -> 0
J34: =I33+J33 -> 0
B35: 3 | C35: TERRAPLANAGEM
B36: 3.1 | C36: Escavação manual para sapatas e vigas baldrames | D36: m³ | E36: =(1.9*1.9*1.55)+(7.7*0.6*0.5*2)+(5.14*0.7*0.5) -> 12.0145 | H36: =F36+G36 -> 0 | I36: =F36*E36 -> 0 | J36: =G36*E36 -> 0 | K36: =I36+J36 -> 0
C37: Subtotal | I37: =SUM(I36) -> 0 | J37: =SUM(J36) -> 0
J38: =I37+J37 -> 0
B39: 4 | C39: INFRAESTRUTURA - FUNDAÇÃO
B40: 4.1 | C40: Regularização e Compactação para sapatas e baldrames | D40: m³ | E40: =12.01-10.4 -> 1.61 | H40: =F40+G40 -> 0 | I40: =F40*E40 -> 0 | J40: =G40*E40 -> 0 | K40: =I40+J40 -> 0
B41: 4.2 | C41: Concreto 30 MPa usinado | D41: m³ | E41: 10.4 | H41: =F41+G41 -> 0 | I41: =F41*E41 -> 0 | J41: =G41*E41 -> 0 | K41: =I41+J41 -> 0
B42: 4.3 | C42: Aço CA-60 5.0 mm cortado e dobrado | D42: un | E42: 32 | H42: =F42+G42 -> 0 | I42: =F42*E42 -> 0 | J42: =G42*E42 -> 0 | K42: =I42+J42 -> 0
B43: 4.4 | C43: Aço CA-50 8.0 mm cortado e dobrado | D43: un | E43: 15 | H43: =F43+G43 -> 0 | I43: =F43*E43 -> 0 | J43: =G43*E43 -> 0 | K43: =I43+J43 -> 0
B44: 4.5 | C44: Aço CA-50 10.0 mm cortado e dobrado | D44: un | E44: 38 | H44: =F44+G44 -> 0 | I44: =F44*E44 -> 0 | J44: =G44*E44 -> 0 | K44: =I44+J44 -> 0
B45: 4.6 | C45: Aço CA-50 12.5 mm cortado e dobrado | D45: un | E45: 8 | H45: =F45+G45 -> 0 | I45: =F45*E45 -> 0 | J45: =G45*E45 -> 0 | K45: =I45+J45 -> 0
B46: 4.7 | C46: Maderite rosa para formas de concreto armado | D46: m² | E46: 43.1 | H46: =F46+G46 -> 0 | I46: =F46*E46 -> 0 | J46: =G46*E46 -> 0 | K46: =I46+J46 -> 0
C47: Subtotal | I47: =SUM(I40:I46) -> 0 | J47: =SUM(J40:J46) -> 0
J48: =I47+J47 -> 0
B49: 5 | C49: SUPRAESTRUTURA - Meio 1, 2 e 3
B50: 5.1 | C50: Aço CA-60 5.0 mm cortado e dobrado | D50: un | E50: 195 | H50: =F50+G50 -> 0 | I50: =F50*E50 -> 0 | J50: =G50*E50 -> 0 | K50: =I50+J50 -> 0
B51: 5.2 | C51: Aço CA-50 8.0 mm cortado e dobrado | D51: un | E51: 27 | H51: =F51+G51 -> 0 | I51: =F51*E51 -> 0 | J51: =G51*E51 -> 0 | K51: =I51+J51 -> 0
B52: 5.3 | C52: Aço CA-50 10.0 mm cortado e dobrado | D52: un | E52: 30 | H52: =F52+G52 -> 0 | I52: =F52*E52 -> 0 | J52: =G52*E52 -> 0 | K52: =I52+J52 -> 0
B53: 5.4 | C53: Aço CA-50 12.5 mm cortado e dobrado | D53: un | E53: 68 | H53: =F53+G53 -> 0 | I53: =F53*E53 -> 0 | J53: =G53*E53 -> 0 | K53: =I53+J53 -> 0
B54: 5.5 | C54: Concreto 30 MPa usinado | D54: m³ | E54: 14.9 | H54: =F54+G54 -> 0 | I54: =F54*E54 -> 0 | J54: =G54*E54 -> 0 | K54: =I54+J54 -> 0
B55: 5.6 | C55: Maderite rosa para formas de concreto armado | D55: m² | E55: 138.3 | H55: =F55+G55 -> 0 | I55: =F55*E55 -> 0 | J55: =G55*E55 -> 0 | K55: =I55+J55 -> 0
C56: Subtotal | I56: =SUM(I50:I55) -> 0 | J56: =SUM(J50:J55) -> 0
J57: =I56+J56 -> 0
B58: 6 | C58: SUPRAESTRUTURA - Fundo e topo caixa; Reservatório
B59: 6.1 | C59: Escoramento PARA LAJE - 3 m | D59: un | E59: 42 | H59: =F59+G59 -> 0 | I59: =F59*E59 -> 0 | J59: =G59*E59 -> 0 | K59: =I59+J59 -> 0
B60: 6.2 | C60: Tábuas guia para escoramento das lajes - 440 cm | D60: un | E60: 8 | H60: =F60+G60 -> 0 | I60: =F60*E60 -> 0 | J60: =G60*E60 -> 0 | K60: =I60+J60 -> 0
B61: 6.3 | C61: Aço CA-60 5.0 mm cortado e dobrado | D61: un | E61: 54 | H61: =F61+G61 -> 0 | I61: =F61*E61 -> 0 | J61: =G61*E61 -> 0 | K61: =I61+J61 -> 0
B62: 6.4 | C62: Aço CA-50 6.3 mm cortado e dobrado | D62: un | E62: 25 | H62: =F62+G62 -> 0 | I62: =F62*E62 -> 0 | J62: =G62*E62 -> 0 | K62: =I62+J62 -> 0
B63: 6.5 | C63: Aço CA-50 8.0 mm cortado e dobrado | D63: un | E63: 100 | H63: =F63+G63 -> 0 | I63: =F63*E63 -> 0 | J63: =G63*E63 -> 0 | K63: =I63+J63 -> 0
B64: 6.6 | C64: Aço CA-50 10.0 mm cortado e dobrado | D64: un | E64: 146 | H64: =F64+G64 -> 0 | I64: =F64*E64 -> 0 | J64: =G64*E64 -> 0 | K64: =I64+J64 -> 0
B65: 6.7 | C65: Aço CA-50 12.5 mm cortado e dobrado | D65: un | E65: 28 | H65: =F65+G65 -> 0 | I65: =F65*E65 -> 0 | J65: =G65*E65 -> 0 | K65: =I65+J65 -> 0
B66: 6.8 | C66: Concreto 30 MPa usinado | D66: m³ | E66: 16.1 | H66: =F66+G66 -> 0 | I66: =F66*E66 -> 0 | J66: =G66*E66 -> 0 | K66: =I66+J66 -> 0
B67: 6.9 | C67: Maderite rosa para formas de concreto armado | D67: m² | E67: 145.6 | H67: =F67+G67 -> 0 | I67: =F67*E67 -> 0 | J67: =G67*E67 -> 0 | K67: =I67+J67 -> 0
C68: Subtotal | I68: =SUM(I59:I67) -> 0 | J68: =SUM(J59:J67) -> 0
J69: =I68+J68 -> 0
B70: 7 | C70: ALVENARIA
B71: 7.1 | C71: Alvenaria de vedação de blocos cerâmicos furados na vertical de 19x19x39 cm (antes era 3000 tijolos) | D71: m² | E71: 255.15 | H71: 4.41 | I71: =F71*E71 -> 0 | J71: =G71*E71 -> 0 | K71: =I71+J71 -> 0
C72: Subtotal | I72: =SUM(I71:I71) -> 0 | J72: =SUM(J71:J71) -> 0
J73: =I72+J72 -> 0
B74: 8 | C74: PAREDES EXTERNAS
B75: 8.1 | C75: Chapisco aplicado em estrutura de alvenaria sem presença de vãos, com colher de pedreiro | D75: m² | E75: =255.15*2 -> 510.3 | H75: =G75+F75 -> 0 | I75: =F75*E75 -> 0 | J75: =G75*E75 -> 0 | K75: =I75+J75 -> 0
B76: 8.2 | C76: Emboço ou massa única em argamassa, com preparo em betoneira, aplicado em fachada sem presença de vãos | D76: m² | E76: =255.15*2 -> 510.3 | H76: =G76+F76 -> 0 | I76: =F76*E76 -> 0 | J76: =G76*E76 -> 0 | K76: =I76+J76 -> 0
C77: Subtotal | I77: =SUM(I75:I76) -> 0 | J77: =SUM(J75:J76) -> 0
J78: =I77+J77 -> 0
B79: 9 | C79: PINTURA
B80: 9.1 | C80: Pintura com tinta acrílica | D80: m² | E80: =255.15*2 -> 510.3 | H80: =G80+F80 -> 0 | I80: =F80*E80 -> 0 | J80: =G80*E80 -> 0 | K80: =J80+I80 -> 0
B81: 9.2 | C81: Pintura com tinta de borracha clorada | D81: m² | E81: =255.15*2 -> 510.3 | H81: =G81+F81 -> 0 | I81: =F81*E81 -> 0 | J81: =G81*E81 -> 0 | K81: =J81+I81 -> 0
B82: 9.3 | C82: Aplicação de fundo selador acrílico, acabamento semibrilho | D82: m² | E82: =255.15*2 -> 510.3 | H82: =G82+F82 -> 0 | I82: =F82*E82 -> 0 | J82: =G82*E82 -> 0 | K82: =J82+I82 -> 0
C83: Subtotal | I83: =SUM(I80:I82) -> 0 | J83: =SUM(J80:J82) -> 0
J84: =I83+J83 -> 0
B85: 10 | C85: INSTALAÇÕES HIDRÁULICAS
B86: 10.1 | C86: Bomba centrífuga trifásica 10 CV | D86: un | E86: 2 | H86: =G86+F86 -> 0 | I86: =F86*E86 -> 0 | J86: =G86*E86 -> 0 | K86: =J86+I86 -> 0
B87: 10.2 | C87: Chave de boia automática 15A/250V | D87: un | E87: 2 | H87: =G87+F87 -> 0 | I87: =F87*E87 -> 0 | J87: =G87*E87 -> 0 | K87: =J87+I87 -> 0
B88: 10.3 | C88: Quadro de comando para bombas, fornecimento e instalação | D88: un | E88: 2 | H88: =G88+F88 -> 0 | I88: =F88*E88 -> 0 | J88: =G88*E88 -> 0 | K88: =J88+I88 -> 0
B89: 10.4 | C89: Cabo pp 4x6mm² | D89: m | E89: 500 | H89: =G89+F89 -> 0 | I89: =F89*E89 -> 0 | J89: =G89*E89 -> 0 | K89: =J89+I89 -> 0
B90: 10.5 | C90: Adaptador PVC soldável 50 mm | D90: un | E90: 3 | H90: =G90+F90 -> 0 | I90: =F90*E90 -> 0 | J90: =G90*E90 -> 0 | K90: =J90+I90 -> 0
B91: 10.6 | C91: Luva PVC soldável 50 mm | D91: un | E91: 15 | H91: =G91+F91 -> 0 | I91: =F91*E91 -> 0 | J91: =G91*E91 -> 0 | K91: =J91+I91 -> 0
B92: 10.7 | C92: Tubo de aço galvanizado 50 mm | D92: m | E92: 250 | H92: =G92+F92 -> 0 | I92: =F92*E92 -> 0 | J92: =G92*E92 -> 0 | K92: =J92+I92 -> 0
B93: 10.8 | C93: Registro gaveta 2" | D93: un | E93: 6 | H93: =G93+F93 -> 0 | I93: =F93*E93 -> 0 | J93: =G93*E93 -> 0 | K93: =J93+I93 -> 0
B94: 10.9 | C94: Tê de ferro galvanizado 2" | D94: un | E94: 8 | H94: =G94+F94 -> 0 | I94: =F94*E94 -> 0 | J94: =G94*E94 -> 0 | K94: =J94+I94 -> 0
B95: 10.10 | C95: Curva longa ferro galvanizado 90 graus | D95: un | E95: 8 | H95: =G95+F95 -> 0 | I95: =F95*E95 -> 0 | J95: =G95*E95 -> 0 | K95: =J95+I95 -> 0
B96: 10.11 | C96: Caixa d'água em poliéster reforçado, 5000L | D96: un | E96: 1 | H96: =G96+F96 -> 0 | I96: =F96*E96 -> 0 | J96: =G96*E96 -> 0 | K96: =J96+I96 -> 0
B97: 10.12 | C97: Escavação manual de vala para caixa d'água | D97: m³ | E97: 4.72 | H97: =G97+F97 -> 0 | I97: =F97*E97 -> 0 | J97: =G97*E97 -> 0 | K97: =J97+I97 -> 0
B98: 10.13 | C98: Escavação manual de vala para tubulação | D98: m³ | E98: =(E101+E100)*0.44*0.2 -> 44 | H98: =G98+F98 -> 0 | I98: =F98*E98 -> 0 | J98: =G98*E98 -> 0 | K98: =J98+I98 -> 0
B99: 10.14 | C99: Recomposição de pavimento em piso intertravado (incluso retirada e colocação do material) | D99: m² | E99: 450 | H99: =G99+F99 -> 0 | I99: =F99*E99 -> 0 | J99: =G99*E99 -> 0 | K99: =J99+I99 -> 0
B100: 10.15 | C100: Tubo de aço galvanizado 40 mm | D100: m | E100: 300 | H100: =G100+F100 -> 0 | I100: =F100*E100 -> 0 | J100: =G100*E100 -> 0 | K100: =J100+I100 -> 0
B101: 10.16 | C101: Tubo de aço galvanizado 25 mm | D101: m | E101: 200 | H101: =G101+F101 -> 0 | I101: =F101*E101 -> 0 | J101: =G101*E101 -> 0 | K101: =J101+I101 -> 0
B102: 10.17 | C102: Lastro de concreto magro, espessura 3 cm | D102: m³ | E102: =((E101+E100)*0.44*0.03)+4.72 -> 11.32 | H102: =G102+F102 -> 0 | I102: =F102*E102 -> 0 | J102: =G102*E102 -> 0 | K102: =J102+I102 -> 0
C103: Subtotal | I103: =SUM(I86:I102) -> 0 | J103: =SUM(J86:J102) -> 0
J104: =I103+J103 -> 0
B105: 11 | C105: INSTALAÇÕES ELÉTRICAS
B106: 11.1 | C106: Quadro de distribuição em PVC | D106: un | E106: 1 | H106: =G106+F106 -> 0 | I106: =F106*E106 -> 0 | J106: =G106*E106 -> 0 | K106: =J106+I106 -> 0
B107: 11.2 | C107: Luminária LED luz branca 50 W | D107: un | E107: 3 | H107: =G107+F107 -> 0 | I107: =F107*E107 -> 0 | J107: =G107*E107 -> 0 | K107: =J107+I107 -> 0
...

Sheet Cronograma Físico Finaceiro
B2: CRONOGRAMA FINANCEIRO
A4: OBSERVAÇÕES:
B5: 1 - As informações mínimas que deverão constar no Cronograma Físico Financeiro são: - Valor e percentual
B6: de material e mão de obra referente a cada parcela, valor total da parcela, valor de material por parcela,
B7: valor de mão de obra por parcela, percentual referente a cada parcela em relação ao custo da Obra.
B8: 2 - O Cronograma acima deverá ser apresentado utilizando papel timbrado da empresa;
B9: 3 - Os itens elencados acima são referentes a obra ora em licitação, e servirão de referências para cotação.
B12: CRONOGRAMA FÍSICO-FINANCEIRO - MODELO
H13: PARCELA 01 | L13: PARCELA 2 | P13: PARCELA 3
G14: MATERIAL | I14: MÃO DE OBRA | K14: MATERIAL | M14: MÃO DE OBRA | O14: MATERIAL | Q14: MÃO DE OBRA
A15: ITEM | B15: DISCRIMINAÇÃO | C15: MATER. TOTAL (R$) | D15: M.D.O. TOTAL (R$) | E15: TOTAL ÍTEM (R$) | F15: % | G15: (R$) | H15: % | I15: (R$) | J15: % | K15: (R$) | L15: % | M15: (R$) | N15: % | O15: (R$) | P15: % | Q15: (R$) | R15: %
A16: A | B16: PRÉDIO PRINCIPAL
A17: 1 | B17: =VLOOKUP($A17,'Sesc Blu'!$B$24:$K$158,2,FALSE) -> SERVIÇOS TÉCNICOS | C17: ='Sesc Blu'!I26 -> 0 | D17: ='Sesc Blu'!J26 -> 0 | E17: =C17+D17 -> 0 | F17: =(E17/E$37)*100 -> #DIV/0! | G17: =C17*H17 -> 0 | I17: =D17*J17 -> 0 | K17: =G17*L17 -> 0 | M17: =H17*N17 -> 0 | O17: =K17*P17 -> 0 | Q17: =L17*R17 -> 0
A18: 2 | B18: =VLOOKUP($A18,'Sesc Blu'!$B$24:$K$158,2,FALSE) -> INSTALAÇÕES DO CANTEIRO DE OBRA | C18: ='Sesc Blu'!I33 -> 0 | D18: ='Sesc Blu'!J33 -> 0 | E18: =C18+D18 -> 0 | F18: =(E18/E$37)*100 -> #DIV/0! | G18: =C18*H18 -> 0 | I18: =D18*J18 -> 0 | K18: =G18*L18 -> 0 | M18: =H18*N18 -> 0 | O18: =K18*P18 -> 0 | Q18: =L18*R18 -> 0
A19: 3 | B19: =VLOOKUP($A19,'Sesc Blu'!$B$24:$K$158,2,FALSE) -> TERRAPLANAGEM | C19: ='Sesc Blu'!I37 -> 0 | D19: ='Sesc Blu'!J37 -> 0 | E19: =C19+D19 -> 0 | F19: =(E19/E$37)*100 -> #DIV/0! | G19: =C19*H19 -> 0 | I19: =D19*J19 -> 0 | K19: =G19*L19 -> 0 | M19: =H19*N19 -> 0 | O19: =K19*P19 -> 0 | Q19: =L19*R19 -> 0
A20: 4 | B20: =VLOOKUP($A20,'Sesc Blu'!$B$24:$K$158,2,FALSE) -> INFRAESTRUTURA - FUNDAÇÃO | C20: ='Sesc Blu'!I47 -> 0 | D20: ='Sesc Blu'!J47 -> 0 | E20: =C20+D20 -> 0 | F20: =(E20/E$37)*100 -> #DIV/0! | G20: =C20*H20 -> 0 | I20: =D20*J20 -> 0 | K20: =G20*L20 -> 0 | M20: =H20*N20 -> 0 | O20: =K20*P20 -> 0 | Q20: =L20*R20 -> 0
A21: 5 | B21: =VLOOKUP($A21,'Sesc Blu'!$B$24:$K$158,2,FALSE) -> SUPRAESTRUTURA - Meio 1, 2 e 3 | C21: ='Sesc Blu'!I56 -> 0 | D21: ='Sesc Blu'!J56 -> 0 | E21: =C21+D21 -> 0 | F21: =(E21/E$37)*100 -> #DIV/0! | G21: =C21*H21 -> 0 | I21: =D21*J21 -> 0 | K21: =G21*L21 -> 0 | M21: =H21*N21 -> 0 | O21: =K21*P21 -> 0 | Q21: =L21*R21 -> 0
A22: 6 | B22: =VLOOKUP($A22,'Sesc Blu'!$B$24:$K$158,2,FALSE) -> SUPRAESTRUTURA - Fundo e topo caixa; Reservatório | C22: ='Sesc Blu'!I68 -> 0 | D22: ='Sesc Blu'!J68 -> 0 | E22: =C22+D22 -> 0 | F22: =(E22/E$37)*100 -> #DIV/0! | G22: =C22*H22 -> 0 | I22: =D22*J22 -> 0 | K22: =G22*L22 -> 0 | M22: =H22*N22 -> 0 | O22: =K22*P22 -> 0 | Q22: =L22*R22 -> 0
A23: 7 | B23: =VLOOKUP($A23,'Sesc Blu'!$B$24:$K$158,2,FALSE) -> ALVENARIA | C23: ='Sesc Blu'!I72 -> 0 | D23: ='Sesc Blu'!J72 -> 0 | E23: =C23+D23 -> 0 | F23: =(E23/E$37)*100 -> #DIV/0! | G23: =C23*H23 -> 0 | I23: =D23*J23 -> 0 | K23: =G23*L23 -> 0 | M23: =H23*N23 -> 0 | O23: =K23*P23 -> 0 | Q23: =L23*R23 -> 0
A24: 8 | B24: =VLOOKUP($A24,'Sesc Blu'!$B$24:$K$158,2,FALSE) -> PAREDES EXTERNAS | C24: ='Sesc Blu'!I77 -> 0 | D24: ='Sesc Blu'!J77 -> 0 | E24: =C24+D24 -> 0 | F24: =(E24/E$37)*100 -> #DIV/0! | G24: =C24*H24 -> 0 | I24: =D24*J24 -> 0 | K24: =G24*L24 -> 0 | M24: =H24*N24 -> 0 | O24: =K24*P24 -> 0 | Q24: =L24*R24 -> 0
A25: 9 | B25: =VLOOKUP($A25,'Sesc Blu'!$B$24:$K$158,2,FALSE) -> PINTURA | C25: ='Sesc Blu'!I83 -> 0 | D25: ='Sesc Blu'!J83 -> 0 | E25: =C25+D25 -> 0 | F25: =(E25/E$37)*100 -> #DIV/0! | G25: =C25*H25 -> 0 | I25: =D25*J25 -> 0 | K25: =G25*L25 -> 0 | M25: =H25*N25 -> 0 | O25: =K25*P25 -> 0 | Q25: =L25*R25 -> 0
A26: 10 | B26: =VLOOKUP($A26,'Sesc Blu'!$B$24:$K$158,2,FALSE) -> INSTALAÇÕES HIDRÁULICAS | C26: ='Sesc Blu'!I103 -> 0 | D26: ='Sesc Blu'!J103 -> 0 | E26: =C26+D26 -> 0 | F26: =(E26/E$37)*100 -> #DIV/0! | G26: =C26*H26 -> 0 | I26: =D26*J26 -> 0 | K26: =G26*L26 -> 0 | M26: =H26*N26 -> 0 | O26: =K26*P26 -> 0 | Q26: =L26*R26 -> 0
A27: 11 | B27: =VLOOKUP($A27,'Sesc Blu'!$B$24:$K$158,2,FALSE) -> INSTALAÇÕES ELÉTRICAS | C27: ='Sesc Blu'!I109 -> 0 | D27: ='Sesc Blu'!J109 -> 0 | E27: =C27+D27 -> 0 | F27: =(E27/E$37)*100 -> #DIV/0! | G27: =C27*H27 -> 0 | I27: =D27*J27 -> 0 | K27: =G27*L27 -> 0 | M27: =H27*N27 -> 0 | O27: =K27*P27 -> 0 | Q27: =L27*R27 -> 0
A28: 12 | B28: =VLOOKUP($A28,'Sesc Blu'!$B$24:$K$158,2,FALSE) -> ESTRUTURA METÁLICA | C28: ='Sesc Blu'!I116 -> 0 | D28: ='Sesc Blu'!J116 -> 0 | E28: =C28+D28 -> 0 | F28: =(E28/E$37)*100 -> #DIV/0! | G28: =C28*H28 -> 0 | I28: =D28*J28 -> 0 | K28: =G28*L28 -> 0 | M28: =H28*N28 -> 0 | O28: =K28*P28 -> 0 | Q28: =L28*R28 -> 0
A29: 13 | B29: =VLOOKUP($A29,'Sesc Blu'!$B$24:$K$158,2,FALSE) -> IMPERMEABILIZAÇÃO | C29: ='Sesc Blu'!I120 -> 0 | D29: ='Sesc Blu'!J120 -> 0 | E29: =C29+D29 -> 0 | F29: =(E29/E$37)*100 -> #DIV/0! | G29: =C29*H29 -> 0 | I29: =D29*J29 -> 0 | K29: =G29*L29 -> 0 | M29: =H29*N29 -> 0 | O29: =K29*P29 -> 0 | Q29: =L29*R29 -> 0
A30: 14 | B30: =VLOOKUP($A30,'Sesc Blu'!$B$24:$K$158,2,FALSE) -> EXTINTORES | C30: ='Sesc Blu'!I125 -> 0 | D30: ='Sesc Blu'!J125 -> 0 | E30: =C30+D30 -> 0 | F30: =(E30/E$37)*100 -> #DIV/0! | G30: =C30*H30 -> 0 | I30: =D30*J30 -> 0 | K30: =G30*L30 -> 0 | M30: =H30*N30 -> 0 | O30: =K30*P30 -> 0 | Q30: =L30*R30 -> 0
A31: 15 | B31: =VLOOKUP($A31,'Sesc Blu'!$B$24:$K$158,2,FALSE) -> LUMINÁRIAS DE EMERGÊNCIA | C31: ='Sesc Blu'!I131 -> 0 | D31: ='Sesc Blu'!J131 -> 0 | E31: =C31+D31 -> 0 | F31: =(E31/E$37)*100 -> #DIV/0! | G31: =C31*H31 -> 0 | I31: =D31*J31 -> 0 | K31: =G31*L31 -> 0 | M31: =H31*N31 -> 0 | O31: =K31*P31 -> 0 | Q31: =L31*R31 -> 0
A32: 16 | B32: =VLOOKUP($A32,'Sesc Blu'!$B$24:$K$158,2,FALSE) -> ALARME DE INCÊNDIO | C32: ='Sesc Blu'!I140 -> 0 | D32: ='Sesc Blu'!J140 -> 0 | E32: =C32+D32 -> 0 | F32: =(E32/E$37)*100 -> #DIV/0! | G32: =C32*H32 -> 0 | I32: =D32*J32 -> 0 | K32: =G32*L32 -> 0 | M32: =H32*N32 -> 0 | O32: =K32*P32 -> 0 | Q32: =L32*R32 -> 0
A33: 17 | B33: =VLOOKUP($A33,'Sesc Blu'!$B$24:$K$158,2,FALSE) -> INFRA - ALARME DE INCENDIO | C33: ='Sesc Blu'!I147 -> 0 | D33: ='Sesc Blu'!J147 -> 0 | E33: =C33+D33 -> 0 | F33: =(E33/E$37)*100 -> #DIV/0! | G33: =C33*H33 -> 0 | I33: =D33*J33 -> 0 | K33: =G33*L33 -> 0 | M33: =H33*N33 -> 0 | O33: =K33*P33 -> 0 | Q33: =L33*R33 -> 0
A34: 18 | B34: =VLOOKUP($A34,'Sesc Blu'!$B$24:$K$158,2,FALSE) -> SISTEMA POR HIDRANTES - LIGAÇÃO REDE EXISTENTES | C34: ='Sesc Blu'!I156 -> 0 | D34: ='Sesc Blu'!J156 -> 0 | E34: =C34+D34 -> 0 | F34: =(E34/E$37)*100 -> #DIV/0! | G34: =C34*H34 -> 0 | I34: =D34*J34 -> 0 | K34: =G34*L34 -> 0 | M34: =H34*N34 -> 0 | O34: =K34*P34 -> 0 | Q34: =L34*R34 -> 0
A35: 19 | B35: =VLOOKUP($A35,'Sesc Blu'!$B$24:$K$158,2,FALSE) -> FINALIZAÇÃO DE OBRA | C35: ='Sesc Blu'!I161 -> 0 | D35: ='Sesc Blu'!J161 -> 0 | E35: =C35+D35 -> 0 | F35: =(E35/E$37)*100 -> #DIV/0! | G35: =C35*H35 -> 0 | I35: =D35*J35 -> 0 | K35: =G35*L35 -> 0 | M35: =H35*N35 -> 0 | O35: =K35*P35 -> 0 | Q35: =L35*R35 -> 0
B37: VALOR TOTAL DO ORÇAMENTO | C37: =SUM(C17:C36) -> 0 | D37: =SUM(D17:D36) -> 0 | E37: =SUM(E17:E36) -> 0 | F37: =SUM(F17:F35) -> #DIV/0!
B39: VALOR TOTAL MATERIAL (Custo de mercado) | C39: =C37 -> 0 | G39: =SUM(G17:G35) -> 0 | H39: =G39/C37 -> #DIV/0! | K39: =SUM(K17:K35) -> 0 | L39: =K39/C37 -> #DIV/0! | O39: =SUM(O17:O35) -> 0 | P39: =O39/G37 -> #DIV/0!
B40: VALOR TOTAL MÃO DE OBRA (Custo de mercado) | D40: =D37 -> 0 | I40: =SUM(I17:I35) -> 0 | J40: =I40/D37 -> #DIV/0! | M40: =SUM(M17:M35) -> 0 | N40: =M40/D37 -> #DIV/0! | Q40: =SUM(Q17:Q35) -> 0 | R40: =Q40/H37 -> #DIV/0!
B41: Valor Total do Orçamento | E41: =C39+D40 -> 0
B43: Valor Total de Material com BDI | C43: =+C37+C37*'Sesc Blu'!E182/100 -> 0 | G43: =+G39+G39*'Sesc Blu'!E182/100 -> 0 | K43: =+K39+K39*'Sesc Blu'!E182/100 -> 0 | O43: =+O39+O39*'Sesc Blu'!I182/100 -> 0
B44: Valor Total de Mão de Obra com BDI | D44: =+D37+D37*'Sesc Blu'!E182/100 -> 0 | I44: =+I40+I40*'Sesc Blu'!E182/100 -> 0 | M44: =+M40+M40*'Sesc Blu'!E182/100 -> 0 | Q44: =+Q40+Q40*'Sesc Blu'!I182/100 -> 0
B45: Valor Total do Orçamento | E45: =+E37+E37*'Sesc Blu'!E182/100 -> 0
B47: Valor Total da Parcela/Percentual da Parcela | I47: =G43+I44 -> 0 | J47: =I47/E45 -> #DIV/0! | M47: =K43+M44 -> 0 | N47: =M47/E45 -> #DIV/0! | Q47: =O43+Q44 -> 0 | R47: =Q47/E45 -> #DIV/0!
B48: Valor total Acumulado/Percentual Acumulado | I48: =I47 -> 0 | J48: =J47 -> #DIV/0! | M48: =M47+E48 -> 0 | N48: =N47+J48 -> #DIV/0! | Q48: =Q47+I48 -> 0 | R48: =R47+N48 -> #DIV/0!
B51: Profissional responsável pelo orçamento:
B52: Número de Registro no CREA ou CAU:
B53: Número da ART ou RRT:
E56: Assinatura
